 Dungeon Crawl Stone Soup version 0.19.0-9-gfd783f2 (webtiles) character file.

192320 Gargoyl the Corrupter of Planes (level 17, -20/132 HPs)
             Began as a Demonspawn Abyssal Knight on Nov 7, 2016.
             Was the Champion of Lugonu.
             Shot with an arrow by a deep elf archer (24 damage)
             ... while paralysed by a floating eye
             ... on level 1 of the Vaults on Nov 8, 2016.
             The game lasted 01:25:26 (44439 turns).

Gargoyl the Corrupter of Planes (DsAK)             Turns: 44439, Time: 01:25:26

Health: -20/132    AC: 19    Str: 22    XL:     17   Next: 60%
Magic:  26/29      EV:  2    Int: 10    God:    Lugonu [******]
Gold:   1805       SH:  0    Dex: 23    Spells: 0 memorised, 16 levels left

rFire  + . .     SeeInvis +     P - +6 hand axe (elec)
rCold  + + .     Gourm    .     L - +4 chain mail of Oraphuff {+Fly rPois Dex+3}
rNeg   + . .     Faith    .     x - +3 shield {reflect}
rPois  +         Spirit   .     (helmet unavailable)
rElec  .         Reflect  +     s - +0 cloak "Milynang" {rF++ rCorr Int-5 SInv}
rCorr  +         Harm     +     A - +2 pair of gloves
MR     ++...     Clarity  +     (boots unavailable)
Stlth  ..........               f - amulet of the Griffon {Harm *Drain rF- rC++ Str+4}
                                m - +5 ring of dexterity
                                K - ring of positive energy

@: paralysed
A: claws 1, horns 3, talons 3, agile 1, blink, clarity, deformed body, foul
stench 1, magic resistance 1, spiny 2, rot immunity
a: Blink, Depart the Abyss, Bend Space, Banish, Corrupt, Enter the Abyss, Brand
Weapon With Distortion, Renounce Religion, Evoke Flight
}: 1/15 runes: decaying


You were on level 1 of the Vaults.
You worshipped Lugonu.
Lugonu was exalted by your worship.
You were not hungry.

You visited 6 branches of the dungeon, and saw 29 of its levels.
You visited the Abyss 2 times.

You collected 3252 gold pieces.
You spent 1447 gold pieces at shops.

Inventory:

Hand Weapons
 p - a +1 war axe of flaming
 P - a +6 hand axe of electrocution (weapon)
 U - a +0 broad axe of draining
Missiles
 n - 4 javelins
 u - 5 poisoned javelins (quivered)
Armour
 s - the +0 cloak "Milynang" (worn) {rF++ rCorr Int-5 SInv}
   (You found it on level 15 of the Dungeon)

   It affects your intelligence (-5).
   It greatly protects you from fire.
   It lets you see invisible.
   It protects you from acid and corrosion.
 x - a +3 shield of reflection (worn)
 A - a +2 pair of gloves (worn)
 L - the +4 chain mail of Oraphuff (worn) {+Fly rPois Dex+3}
   (You found it on level 10 of the Dungeon)

   It affects your dexterity (+3).
   It protects you from poison.
   It lets you fly.
Jewellery
 f - the amulet of the Griffon (around neck) {Harm *Drain rF- rC++ Str+4}
   (You found it on level 2 of the Abyss)

   [amulet of harm]

   It increases damage dealt and taken.
   It affects your strength (+4).
   It makes you vulnerable to fire.
   It greatly protects you from cold.
   It causes draining when unequipped.
 h - an uncursed ring of resist corrosion
 l - an uncursed ring of see invisible
 m - a +5 ring of dexterity (right hand)
 K - a ring of positive energy (left hand)
Wands
 i - a wand of slowing (35/48)
 o - a wand of disintegration (9/24)
 y - a wand of slowing (28/48)
 B - a wand of paralysis (11/24)
 I - a wand of lightning (10/15)
Scrolls
 a - 2 scrolls of summoning
 d - 2 scrolls of silence
 e - 9 scrolls of remove curse
 g - 2 scrolls of fog
 t - 4 scrolls of recharging
 v - a scroll of identify
 F - 5 scrolls of magic mapping
 N - 4 scrolls of teleportation
Potions
 b - 4 potions of flight
 q - a potion of ambrosia
 r - 6 potions of agility
 w - 7 potions of curing
 D - 2 potions of haste
 E - 2 potions of might
Comestibles
 c - 11 bread rations
 j - 9 beef jerkies
 k - 2 slices of pizza
 z - a royal jelly
 G - 8 meat rations
 S - a fruit


   Skills:
 + Level 11.6 Fighting
 + Level 14.3 Axes
 + Level 1.1 Throwing
 * Level 15.4 Armour
 + Level 6.1 Dodging
 + Level 11.8 Shields
 * Level 17.4 Invocations


You had 16 spell levels left.
You didn't know any spells.

Dungeon Overview and Level Annotations

Branches:
Dungeon (15/15)            Temple (0/1) D:4            Lair (6/6) D:9
  Swamp (4/4) Lair:4        Snake (0/4) Lair:2        Slime (0/5) Lair:5
    Orc (2/2) D:10            Elf (1/3) Orc:2        Vaults (1/5) D:13
 Depths (0/5) D:15

Altars:
Cheibriados
Fedhas
Nemelex Xobeh
Ru
Sif Muna
Vehumet
Beogh
Jiyva

Shops:
D:10 **?[   D:13 :   Orc:2 ([*[   Vaults:1 !

Annotations:
D:9 exclusion: 2 oklob plants
Abyss:1 Aizul


Innate Abilities, Weirdness & Mutations

You have sharp fingernails.
You have a pair of large horns on your head.
You have claws for feet.
You may emit foul miasma when damaged in melee.
You are mostly covered in sharp spines.
You are immune to rotting.
You are agile. (Dex +2)
You can translocate small distances at will.
You possess an exceptional clarity of mind.
Armour fits poorly on your strangely shaped body.
You are resistant to hostile enchantments. (MR+)


Message History

You hit the deep elf mage.
There is a sudden explosion of sparks!
You kill the deep elf mage!
Lugonu accepts your kill.
You hit the harpy. The harpy misses you.
The harpy claws you but does no damage.
The harpy looks sick.
The floating eye gazes piercingly through you!
You suddenly lose the ability to move!
The yaktaur captain shoots a bolt.
The bolt hits you!!
* * * LOW HITPOINT WARNING * * *
The ironheart preserver hits you but does no damage.
The ironheart preserver looks sick.
The deep elf death mage hits you but does no damage.
The deep elf death mage looks sick.
You hear two shouts!
The harpy is struck by your spines. The harpy claws you!
* * * LOW HITPOINT WARNING * * *
You emit a cloud of foul miasma!
The harpy barely misses you.
The harpy is engulfed in dark miasma.
The harpy is poisoned.
The deep elf archer shoots an arrow.
The arrow hits you!!
You die...

#### ...# ###### ...#
...... .)(# ..... ...#
.... ...# ##''## ...#
##H...## #### ##§Cp...##
##c§@eG...##
#.§.(......#
#....#('#...#
####..e.##..##..#
##.##..(##....## #
##...##(##).....##
######...))###........#
...'......).'.)..##....#
...#.....)).'....# ....#


You could see an ironheart preserver, a yaktaur captain, a deep elf death mage,
an ettin, a deep elf archer, a harpy shaped shifter and a floating eye.

Vanquished Creatures
  A sphinx (Vaults:1)
  3 thorn hunters
  2 deep elf sorcerers (Vaults:1)
  Louise (D:13)
  A vault warden (Vaults:1)
  3 orc warlords
  An ironheart preserver (Vaults:1)
  2 entropy weavers
  The ghost of Timinator the Blocker, a journeyman MiFi of Ru (Lair:2)
  A deep elf death mage (Vaults:1)
  2 fire dragons
  2 yaktaur captains (Vaults:1)
  2 ogre magi
  29 hydras
  An ice dragon (Vaults:1)
  8 vault guards (Vaults:1)
  A catoblepas (D:15)
  A centaur warrior (D:13)
  5 alligators
  2 dancing weapons (D:13)
  A queen ant (Lair:5)
  Urug (D:13)
  10 death yaks (Lair:5)
  3 tengu warriors
  A deep elf knight (Vaults:1)
  A deep elf archer (Vaults:1)
  3 unseen horrors
  A spriggan druid (Swamp:4)
  3 wizards
  An ironbrand convoker (Vaults:1)
  A flayed ghost (Abyss:3)
  An orange crystal statue (D:15)
  6 shambling mangroves
  5 hill giants
  2 lindwurms (Swamp:4)
  15 swamp dragons
  4 orc knights
  A wolf spider (Vaults:1)
  3 orc sorcerers (Orc:2)
  A salamander (shapeshifter) (Vaults:1)
  10 deep elf magi
  7 cyclopes
  12 ugly things
  12 elephants
  7 black mambas
  2 vault sentinels (Vaults:1)
  4 centaur skeletons
  An efreet (D:14)
  A freezing wraith (Vaults:1)
  21 spiny frogs
  11 komodo dragons
  8 yaktaurs (Vaults:1)
  A kobold demonologist (D:15)
  2 rime drakes
  4 trolls
  A large abomination (Abyss:3)
  2 polar bears (Lair:6)
  8 bog bodies
  2 tengu conjurers
  11 tyrant leeches
  11 hornets
  33 blink frogs
  7 hippogriffs
  13 dream sheep
  5 two-headed ogres
  32 slime creatures
  A redback (Lair:6)
  3 shadows
  16 spriggans
  7 wyverns
  23 yaks
  A wraith (D:14)
  A hungry ghost (D:11)
  A fire elemental (Elf:1)
  A chaos spawn (Abyss:3)
  8 vampire mosquitoes
  6 basilisks
  A naga (Lair:2)
  6 wargs
  10 insubstantial wisps
  2 mottled dragons
  20 swamp worms
  5 soldier ants
  Duvessa (D:4)
  16 water moccasins
  A small abomination (Abyss:3)
  6 porcupines
  2 hell hounds (D:9)
  18 swamp drakes
  5 black bears
  4 ice beasts
  30 orc warriors
  2 necrophages
  4 sky beasts
  The ghost of Andry07 the Skirmisher, an amateur MfSk (D:3)
  12 ogres
  10 boggarts
  37 wolves
  9 centaurs
  15 crocodiles
  19 bullfrogs
  2 big kobolds (D:10)
  A gnoll sergeant (Orc:1)
  A scorpion (D:8)
  A wyvern skeleton (D:11)
  Dowan (D:4)
  A howler monkey (D:7)
  8 crimson imps
  3 centaur zombies
  A quasit (D:14)
  A bullfrog zombie (D:6)
  6 hounds
  4 jellies
  20 orc priests
  23 orc wizards
  A bullfrog skeleton (D:8)
  5 iguanas
  3 hell rats (Lair:6)
  16 worker ants
  A hound zombie (D:4)
  9 gnolls
  5 adders
  3 shadow imps
  3 oozes
  An adder zombie (D:6)
  2 adder skeletons (D:4)
  19 worms
  2 dart slugs
  5 leopard geckos
  95 orcs
  8 bats
  14 giant cockroaches
  2 goblins (D:1)
  6 hobgoblins
  7 jackals (D:6)
  19 kobolds
  4 quokkas
  4 ball pythons
  A ball python skeleton (D:4)
  6 frilled lizards
  A jackal skeleton (D:7)
  A leopard gecko skeleton (D:4)
  A quokka skeleton (D:8)
  7 rats
  9 briar patches
  4 fungi
  2 toadstools (Swamp:3)
1004 creatures vanquished.

Vanquished Creatures (others)
  A thorn hunter (Swamp:4)
  An ettin (Vaults:1)
  2 hydras (Swamp:1)
  The ghost of Quirk the Blocker, a journeyman GrFi of Okawaru (Lair:1)
  A spriggan rider (Swamp:1)
  A lindwurm (Swamp:4)
  An oklob plant (Lair:6)
  A tyrant leech (Swamp:1)
  A swamp drake (Swamp:4)
  2 centaurs (D:14)
  A worker ant (D:14)
  7 briar patches (Swamp:4)
  8 fungi
  16 plants
  10 toadstools (Swamp:3)
54 creatures vanquished.

Grand Total: 1058 creatures vanquished

Notes
Turn   | Place    | Note
-------+----------+-------------------------------------------
     0 | Abyss:1  | Gargoyl the Demonspawn Abyssal Knight began the quest for the Orb.
     0 | Abyss:1  | Reached XP level 1. HP: 18/18 MP: 2/2
    60 | Abyss:1  | Found a corrupted altar of Lugonu.
    60 | Abyss:1  | Found a corrupted altar of Lugonu.
   141 | Abyss:2  | Noticed a quasit
   142 | Abyss:2  | Noticed an ancient zyme
   142 | Abyss:2  | Got a scintillating amethyst amulet
   164 | D:1      | Escaped the Abyss
   165 | D:1      | Identified the amulet of the Griffon {Harm *Drain rF- rC++ Str+4} (You found it on level 2 of the Abyss)
   236 | D:1      | Reached skill level 1 in Dodging
   424 | D:1      | Reached * piety under Lugonu
   434 | D:1      | Gained mutation: You have a pair of small horns on your head. [demonic ancestry]
   434 | D:1      | Reached XP level 2. HP: 16/24 MP: 3/3
   841 | D:1      | Reached XP level 3. HP: 29/29 MP: 5/5
  2226 | D:2      | Gained mutation: You have sharp toenails. [demonic ancestry]
  2226 | D:2      | Reached XP level 4. HP: 35/35 MP: 6/6
  2355 | D:3      | Reached skill level 3 in Invocations
  2461 | D:3      | Noticed Andry07's ghost (amateur MfSk)
  2502 | D:3      | Killed Andry07's ghost
  2502 | D:3      | Reached XP level 5. HP: 12/41 MP: 7/7
  2515 | D:3      | Reached ** piety under Lugonu
  3342 | D:4      | Noticed Dowan
  3357 | D:4      | Killed Dowan
  3357 | D:4      | Gained mutation: You have razor-sharp toenails. [demonic ancestry]
  3357 | D:4      | Reached XP level 6. HP: 29/47 MP: 8/8
  3510 | D:4      | Found a staircase to the Ecumenical Temple.
  3528 | D:4      | Noticed Duvessa
  3559 | D:4      | Killed Duvessa
  3559 | D:4      | Reached skill level 4 in Invocations
  3758 | D:4      | Reached XP level 7. HP: 52/53 MP: 10/10
  4073 | D:5      | Entered Level 5 of the Dungeon
  5216 | D:6      | Reached skill level 5 in Axes
  5219 | D:6      | Reached *** piety under Lugonu
  5345 | D:6      | Reached skill level 5 in Invocations
  5536 | D:6      | Reached skill level 1 in Shields
  5536 | D:6      | Gained mutation: You are partially covered in sharp spines. [demonic ancestry]
  5536 | D:6      | Reached XP level 8. HP: 45/60 MP: 11/11
  6158 | D:7      | Reached skill level 5 in Armour
  6826 | D:7      | Reached skill level 6 in Invocations
  7097 | D:7      | Gained mutation: You have claws for feet. [demonic ancestry]
  7097 | D:7      | Reached XP level 9. HP: 66/66 MP: 13/13
  7220 | D:7      | Reached **** piety under Lugonu
  7642 | D:7      | Found a sparkling altar of Nemelex Xobeh.
  7835 | D:8      | Found a deep blue altar of Sif Muna.
  8926 | D:9      | Reached skill level 7 in Invocations
  9092 | D:9      | Found a staircase to the Lair.
  9151 | D:9      | Found a blossoming altar of Fedhas.
  9153 | D:9      | Noticed an oklob plant
  9153 | D:9      | Noticed an oklob plant
  9442 | D:10     | Entered Level 10 of the Dungeon
  9473 | D:10     | Reached skill level 5 in Fighting
  9602 | D:10     | Found Tiagou Aptuo's General Store.
  9626 | D:10     | Bought a scroll of teleportation for 39 gold pieces
  9626 | D:10     | Bought a scroll of teleportation for 39 gold pieces
  9643 | D:10     | Noticed a hill giant
  9649 | D:10     | Killed a hill giant
  9649 | D:10     | Reached XP level 10. HP: 29/74 MP: 15/15
  9744 | D:10     | Got an ancient chain mail
  9755 | D:10     | Identified the +4 chain mail of Oraphuff {+Fly rPois Dex+3} (You found it on level 10 of the Dungeon)
  9899 | D:10     | Found Cennumon's Assorted Antiques.
  9899 | D:10     | Noticed a hill giant
  9906 | D:10     | Killed a hill giant
 10095 | D:10     | Bought a glowing shield for 283 gold pieces
 10095 | D:10     | Bought a glowing hand axe for 243 gold pieces
 10095 | D:10     | Bought a scroll labeled FAKHURH ENEUNU for 27 gold pieces
 10105 | D:10     | Found Nydepu's Magic Scroll Shoppe.
 10168 | D:10     | Reached skill level 8 in Invocations
 10404 | D:10     | Found a staircase to the Orcish Mines.
 10515 | D:10     | Found Zeduthrett's Antique Armour Emporium.
 10700 | Lair:1   | Entered Level 1 of the Lair of Beasts
 10700 | Lair:1   | Noticed Quirk's ghost (journeyman GrFi)
 11035 | D:9      | Reached skill level 5 in Shields
 11173 | Lair:1   | Banished Quirk's ghost
 11582 | Lair:1   | Reached skill level 9 in Invocations
 11922 | Lair:1   | Gained mutation: You are immune to rotting. [demonic ancestry]
 11922 | Lair:1   | Reached XP level 11. HP: 56/81 MP: 17/17
 11962 | Lair:1   | Reached ***** piety under Lugonu
 12506 | Lair:1   | Reached skill level 10 in Invocations
 12999 | Lair:2   | Found a staircase to the Snake Pit.
 13406 | Lair:2   | Noticed Timinator's ghost (journeyman MiFi)
 13430 | Lair:2   | Killed Timinator's ghost
 13641 | Lair:2   | Noticed a five-headed hydra
 13648 | Lair:2   | Killed a one-headed hydra
 13648 | Lair:2   | Reached skill level 10 in Axes
 13917 | Lair:2   | Reached XP level 12. HP: 89/89 MP: 19/19
 14417 | Lair:3   | Reached skill level 10 in Armour
 14447 | Lair:3   | Reached skill level 11 in Invocations
 16001 | Lair:4   | Found a staircase to the Swamp.
 16289 | Lair:4   | Gained mutation: You may emit foul miasma when damaged in melee. [demonic ancestry]
 16289 | Lair:4   | Reached XP level 13. HP: 84/98 MP: 21/21
 16301 | Lair:4   | Reached skill level 12 in Invocations
 17068 | Lair:5   | Found a viscous altar of Jiyva.
 17249 | Lair:5   | Found a staircase to the Slime Pits.
 17292 | Lair:5   | Noticed an entropy weaver
 17447 | Lair:4   | Killed an entropy weaver
 17480 | Lair:5   | Noticed an entropy weaver
 17566 | Lair:5   | Killed an entropy weaver
 18325 | Lair:5   | Gained mutation: You are resistant to hostile enchantments. (MR+) [potion of mutation]
 18325 | Lair:5   | Gained mutation: You are frail. (-10% HP) [potion of mutation]
 18325 | Lair:5   | Gained mutation: You are agile. (Dex +2) [potion of mutation]
 18326 | Lair:5   | Gained mutation: You possess an exceptional clarity of mind. [potion of mutation]
 18326 | Lair:5   | Gained mutation: Armour fits poorly on your strangely shaped body. [potion of mutation]
 18545 | Lair:5   | Got an encrusted whip
 18548 | Lair:5   | Identified the +3 whip "Hell-Harrower" {holy, MR+ Int+3} (You found it on level 5 of the Lair of Beasts)
 18699 | Lair:6   | Entered Level 6 of the Lair of Beasts
 19032 | Lair:6   | HP: 3/88 [acid (13)]
 19783 | Lair:5   | Reached skill level 13 in Invocations
 20383 | Lair:5   | Gained mutation: You have a pair of horns on your head. [demonic ancestry]
 20383 | Lair:5   | Reached XP level 14. HP: 40/95 MP: 23/23
 21543 | Lair:6   | Reached ****** piety under Lugonu
 21804 | Lair:6   | Reached skill level 5 in Dodging
 22270 | Orc:1    | Entered Level 1 of the Orcish Mines
 23932 | D:12     | Identified 2 scrolls of acquirement
 24289 | D:12     | Lost mutation: You are frail. (-10% HP) [potion of beneficial mutation]
 24342 | D:13     | Found a radiant altar of Vehumet.
 24382 | D:13     | Found Coilim's Book Shop.
 24455 | D:13     | Found a gate to the Vaults.
 24611 | D:13     | Noticed Urug
 24611 | D:13     | Noticed Louise
 25033 | D:13     | Cast into level 3 of the Abyss (Louise)
 25235 | D:13     | Escaped the Abyss
 25529 | D:12     | Reached skill level 14 in Invocations
 25728 | D:13     | Killed Louise
 25939 | D:13     | Killed Urug
 26764 | D:14     | Gained mutation: You have a pair of large horns on your head. [demonic ancestry]
 26764 | D:14     | Reached XP level 15. HP: 113/113 MP: 25/25
 27191 | D:15     | Entered Level 15 of the Dungeon
 27771 | D:15     | Found a sacrificial altar of Ru.
 28017 | D:15     | Found a snail-covered altar of Cheibriados.
 28020 | D:15     | Got a scorched cloak
 28031 | D:15     | Identified the +0 cloak "Milynang" {rF++ rCorr Int-5 SInv} (You found it on level 15 of the Dungeon)
 28354 | D:15     | HP: 1/114 [cyclops/large rock (20)]
 28691 | D:15     | Found a staircase to the Depths.
 30137 | Orc:1    | Reached skill level 10 in Shields
 30162 | Orc:1    | Noticed an orc warlord
 30349 | Orc:1    | Killed an orc warlord
 30715 | Orc:1    | Found a roughly hewn altar of Beogh.
 30938 | Orc:2    | Entered Level 2 of the Orcish Mines
 31009 | Orc:2    | Found a staircase to the Elven Halls.
 31157 | Orc:2    | Found a roughly hewn altar of Beogh.
 31159 | Orc:2    | Found Woathep's Assorted Antiques.
 31261 | Orc:2    | Found a roughly hewn altar of Beogh.
 31266 | Orc:2    | Found Kanush's Armour Boutique.
 31705 | Orc:2    | Noticed an orc warlord
 32157 | Orc:2    | Killed an orc warlord
 32236 | Orc:2    | Found a roughly hewn altar of Beogh.
 32475 | Orc:2    | Reached skill level 10 in Fighting
 32476 | Orc:2    | Found Dumyecwao's Antique Armour Shop.
 32477 | Orc:2    | Found a roughly hewn altar of Beogh.
 32488 | Orc:2    | Found Ecwoghir's Antique Weapon Boutique.
 32713 | Elf:1    | Entered Level 1 of the Elven Halls
 33181 | Swamp:1  | Entered Level 1 of the Swamp
 33187 | Swamp:1  | Noticed Aizul
 33196 | Swamp:1  | Banished Aizul
 33644 | Swamp:1  | Reached skill level 15 in Invocations
 35050 | Swamp:2  | Noticed a thorn hunter
 35062 | Swamp:1  | Killed a thorn hunter
 35203 | Swamp:1  | Gained mutation: You are mostly covered in sharp spines. [demonic ancestry]
 35203 | Swamp:1  | Reached XP level 16. HP: 99/123 MP: 27/27
 35887 | Swamp:2  | HP: 5/123 [shambling mangrove (13)]
 36444 | Swamp:3  | Gained mutation: You can translocate small distances at will. [potion of beneficial mutation]
 36626 | Swamp:3  | Noticed a thorn hunter
 36636 | Swamp:3  | Killed a thorn hunter
 36872 | Swamp:3  | Reached skill level 1 in Throwing
 37384 | Swamp:4  | Entered Level 4 of the Swamp
 38070 | Swamp:3  | Reached skill level 16 in Invocations
 39101 | Swamp:4  | Noticed a thorn hunter
 39116 | Swamp:4  | Killed a thorn hunter
 39969 | Swamp:4  | Got a decaying rune of Zot
 40043 | Swamp:4  | Noticed a thorn hunter
 40365 | Swamp:4  | Noticed a thorn hunter
 40365 | Swamp:4  | Banished a thorn hunter
 41276 | Swamp:4  | Banished a thorn hunter
 41637 | Swamp:4  | Gained mutation: You have sharp fingernails. [demonic ancestry]
 41637 | Swamp:4  | Reached XP level 17. HP: 131/131 MP: 29/29
 42001 | Vaults:1 | Entered Level 1 of the Vaults
 42113 | Vaults:1 | Reached skill level 15 in Armour
 42492 | Vaults:1 | Found Xites's Distillery.
 42502 | Vaults:1 | Reached skill level 17 in Invocations
 42574 | Vaults:1 | Bought a potion of curing for 51 gold pieces
 42574 | Vaults:1 | Bought a potion of curing for 51 gold pieces
 42574 | Vaults:1 | Bought a potion of heal wounds for 85 gold pieces
 42574 | Vaults:1 | Bought a potion of agility for 68 gold pieces
 42574 | Vaults:1 | Bought 2 potions of haste for 340 gold pieces
 42574 | Vaults:1 | Bought a potion of might for 68 gold pieces
 42574 | Vaults:1 | Bought a potion of might for 68 gold pieces
 42574 | Vaults:1 | Bought a potion of berserk rage for 85 gold pieces
 44438 | Vaults:1 | Paralysed by a floating eye for 4 turns
 44439 | Vaults:1 | HP: 4/132 [harpy (glowing shapeshifter) (9)]
 44439 | Vaults:1 | Shot with an arrow by a deep elf archer

Skill      XL: |  1  2  3  4  5  6  7  8  9 10 11 12 13 14 15 16 17 |
---------------+----------------------------------------------------+-----
Dodging        | 1 2 3 4 5 6 |  6.1
Axes           | 2 3 4 5 6 7 9 10 11 12 13 14 | 14.3
Armour         | 2 3 4 5 6 8 9 10 12 13 14 15 | 15.4
Invocations    | 3 4 5 6 7 9 10 11 13 14 15 16 17 | 17.4
Fighting       | 4 5 6 7 8 9 10 11 | 11.6
Shields        | 1 3 4 5 6 7 8 9 10 11 | 11.8
Throwing       | 1 |  1.1

Action                   |  1- 3 |  4- 6 |  7- 9 | 10-12 | 13-15 | 16-18 || total
-------------------------+-------+-------+-------+-------+-------+-------++-------
Melee: Hand axe          |   104 |    64 |       |   388 |  1080 |   567 ||  2203
       Headbutt          |    14 |    28 |    48 |    97 |   350 |   205 ||   742
       War axe           |       |    69 |   269 |    39 |   125 |    60 ||   562
       Kick              |       |       |    28 |   158 |   482 |   340 ||  1008
Throw: Tomahawk          |       |       |     3 |     4 |       |       ||     7
       Javelin           |       |       |       |       |       |    10 ||    10
Invok: Depart the Abyss  |     1 |       |       |       |     1 |       ||     2
       Banish            |       |       |       |     2 |    13 |     9 ||    24
       Bend Space        |       |       |       |       |     3 |       ||     3
  Use: Scroll            |       |     1 |    17 |    14 |    22 |     7 ||    61
       Potion            |       |       |     4 |     2 |    17 |    10 ||    33
  Eat: Chunk             |     3 |     6 |    10 |    17 |    43 |     7 ||    86
       Bread ration      |       |       |     2 |     1 |     2 |     6 ||    11
       Fruit             |       |       |       |     1 |       |       ||     1
       Pizza             |       |       |       |       |     3 |       ||     3
       Royal jelly       |       |       |       |       |     2 |       ||     2
       Beef jerky        |       |       |       |       |     2 |       ||     2
Armor: Leather armour    |    13 |       |       |       |       |       ||    13
       Ring mail         |    13 |       |       |       |       |       ||    13
       Chain mail        |    42 |   112 |   150 |   237 |   468 |   215 ||  1224
       Skin              |       |       |    13 |       |       |       ||    13
Dodge: Dodged            |    64 |    60 |    55 |   105 |   374 |   218 ||   876
Block: Large shield      |       |       |   218 |       |       |       ||   218
       Shield            |       |       |       |   218 |   774 |   417 ||  1409
       Reflection        |       |       |       |       |    34 |    18 ||    52
